[Event "Team 45 45 League T34"]
[Site "Internet Chess Club"]
[Date "2007.08.06"]
[Round "3"]
[White "kublai"]
[Black "OOB1"]
[Result "1/2-1/2"]
[WhiteElo "1315"]
[BlackElo "1563"]
[Opening "Queen's gambit declined"]
[ECO "D35"]
[Time "18:16:27"]
[TimeControl "2700+45"]

1. d4 d5 2. c4 e6 3. cxd5 exd5 4. Nc3 Nf6 5. Bf4 a6 6. e3 Nc6 7. Bd3 Bd6 8. Nge2
O-O 9. Rc1 Nh5 10. Nxd5 Nxf4 11. Ndxf4 Ne7 12. O-O b5 13. Qd2 Bb7 14. e4 Ng6 15.
e5 Nxf4 16. Nxf4 Be7 17. Qc2 g6 18. Qxc7 Bg5 19. Qxd8 Rfxd8 20. Rc7 Bxf4 21.
Rxb7 Rxd4 22. Bc2 Bxe5 23. Rd1 Rxd1+ 24. Bxd1 Bxb2 25. Bb3 Rf8 26. Ra7 b4 27.
Rxa6 Kg7 28. g4 h6 29. Ra7 Kf6 30. Kg2 Kg5 31. Rxf7 Rxf7 32. Bxf7 Kxg4 33. Bxg6
Bd4 34. f3+ Kf4 35. Bf7 Bc3 36. Bb3 Be5 37. Bd5 Bf6 38. Kf2 Bh4+ 39. Ke2 Be7 40.
Kf2 Bc5+ 41. Ke2 Kg5 42. Kd3 Kh4 43. Be6 Kg5 44. Ke4 Bd6 45. h3 h5 46. Kd5 Bf8
47. Ke5 Bg7+ 48. Ke4 h4 49. f4+ Kf6 50. f5 Bf8 51. Kf3 Kg5 52. Ke4 Bd6 53. Kd5
Bf4 54. Kc5 Bd2 55. Kc4 Bc3 56. Kb3 Be1 57. a3 bxa3 58. Kxa3 Bc3 59. Kb3 Bf6 60.
Kc4 Kf4 61. Kd3 Kg3 62. Ke3 Kxh3 63. Kf3 Kh2 64. Bd5 Kg1 65. Kg4 Kf2 66. Kh5 h3
67. Kg6 Bd8 68. f6 Bxf6 69. Kxf6 h2 70. Kg5 Kg1 {Game drawn by mutual agreement}
1/2-1/2

[Event "Team 45 45 League T34"]
[Site "Internet Chess Club"]
[Date "2007.08.06"]
[Round "3"]
[White "Mfalme"]
[Black "kabubi"]
[Result "0-1"]
[WhiteElo "1309"]
[BlackElo "1171"]
[Opening "Center game"]
[ECO "C22"]
[Time "21:55:22"]
[TimeControl "2700+45"]

1. e4 e5 2. d4 exd4 3. Qxd4 Nc6 4. Qd1 Bc5 5. Qg4 Qf6 6. Nf3 d5 7. Qg5 dxe4 8.
Qxf6 Nxf6 9. Ng5 O-O 10. Bb5 Nd4 11. Ba4 h6 12. Nh3 Bf5 13. O-O Bxh3 14. gxh3
Ne2+ 15. Kh1 Nxc1 16. Rxc1 Bxf2 17. Nc3 Rfe8 18. Rf1 e3 19. Bxe8 Rxe8 20. Ne2
Ne4 21. Kg2 Nd2 22. Rh1 Nc4 23. b3 Ne5 24. Nc3 Nc6 25. Nd1 Bh4 26. Kf3 e2 27.
Nf2 Nd4+ 28. Kg2 Nxc2 29. Rac1 e1=Q 30. Rhxe1 Nxe1+ 31. Kf1 Nf3 32. Kg2 Nxh2 33.
Rxc7 Re2 34. Kxh2 Rxf2+ 35. Kg1 Rxa2 36. Rxb7 Ra1+ 37. Kg2 Rb1 38. Kf3 a5 39.
Ke4 a4 40. b4 a3 41. Kd5 a2 42. Ra7 a1=Q 43. Rxa1 Rxa1 44. Kc5 Rb1 {White
resigns} 0-1

[Event "Team 45 45 League T34"]
[Site "Internet Chess Club"]
[Date "2007.08.03"]
[Round "3"]
[White "A-Ru"]
[Black "Razorbackchess"]
[Result "1-0"]
[WhiteElo "1956"]
[BlackElo "1870"]
[Opening "Pirc: classical (two knights) system"]
[ECO "A48"]
[Time "20:03:38"]
[TimeControl "2700+45"]

1. d4 Nf6 2. Nf3 g6 3. Nc3 Bg7 4. e4 d6 5. Be3 Nbd7 6. Qd2 h6 7. O-O-O a6 8. Bc4
e6 9. e5 Ng8 10. exd6 cxd6 11. d5 e5 12. Ne4 Qe7 13. Qb4 Bf8 14. Nfd2 f5 15. Nc3
Ngf6 16. f4 Bg7 17. h3 b5 18. Bb3 O-O 19. Nf3 Bb7 20. g3 Rfb8 21. fxe5 Nxe5 22.
Nxe5 Qxe5 23. Bf4 Qe8 24. Rhe1 Qd7 25. Qxd6 Qxd6 26. Bxd6 Rd8 27. Be7 Rd7 28.
d6+ Kh7 29. Be6 Rc8 {Black resigns} 1-0

[Event "Team 45 45 League T34"]
[Site "Internet Chess Club"]
[Date "2007.08.05"]
[Round "3"]
[White "rubo"]
[Black "ivanson"]
[Result "1/2-1/2"]
[WhiteElo "1785"]
[BlackElo "1888"]
[Opening "Bird: From gambit"]
[ECO "A02"]
[Time "16:03:46"]
[TimeControl "2700+45"]

1. f4 e5 2. fxe5 Nc6 3. Nf3 g5 4. d4 g4 5. Ng5 d5 6. exd6 Qxd6 7. c3 f5 8. e4 h6
9. e5 Qg6 10. Nf3 gxf3 11. Qxf3 Bd7 12. Bf4 Bg7 13. Nd2 O-O-O 14. O-O-O Nge7 15.
Bc4 Be6 16. Bxe6+ Qxe6 17. b3 Nd5 18. Bg3 Qg6 19. Nc4 Qg5+ 20. Kb2 f4 21. Bf2
Qf5 22. g4 Qf7 23. Bh4 Rde8 24. a4 h5 25. g5 Qf5 26. Qxd5 {Game drawn by mutual
agreement} 1/2-1/2

[Event "Team 45 45 League T34"]
[Site "Internet Chess Club"]
[Date "2007.08.02"]
[Round "3"]
[White "HKNIGHT"]
[Black "Changuito-77"]
[Result "0-1"]
[WhiteElo "1672"]
[BlackElo "1788"]
[Opening "Queen's pawn game"]
[ECO "D00"]
[Time "15:01:51"]
[TimeControl "2700+45"]

1. d4 d5 2. e3 e6 3. f4 Nf6 4. Bd3 c5 5. c3 Nc6 6. Nf3 Ne4 7. O-O Bd7 8. Nbd2 f5
9. Ne5 Nf6 10. Qf3 Be7 11. Qh3 c4 12. Be2 Rb8 13. Ng6 Rg8 14. Ne5 Kf8 15. b4
cxb3 16. axb3 a5 17. Ba3 Be8 18. Rfc1 b5 19. Bxe7+ Kxe7 20. Ra2 Qc7 21. Nxc6+
Bxc6 22. c4 dxc4 23. bxc4 b4 24. Nb3 g6 25. Rxa5 h5 26. Rca1 Ne4 27. Ra7 Rb7 28.
Rxb7 Bxb7 29. Qh4+ Kf7 30. Ra4 Nc3 31. Rxb4 Nxe2+ 32. Kf2 Nc3 33. Ke1 Ra8 34.
Qf2 Ra2 35. Nd2 Ne4 36. Qe2 Rxd2 37. Qxd2 Nxd2 38. Kxd2 Qa5 39. Kc3 Qa3+ 40. Rb3
Qxb3+ 41. Kxb3 Bxg2 42. h4 Ke7 43. c5 Kd7 44. Kb4 Kc6 45. Ka5 Kb7 46. Kb5 Bc6+
47. Ka5 Ka7 48. Kb4 Ka6 49. Kc4 Ka5 50. Kc3 Bd5 51. Kc2 Kb4 52. Kb2 Be4 53. Ka2
Kc3 54. Ka3 Kd3 55. Kb4 Kxe3 56. Kb5 Kxf4 57. c6 Bxc6+ 58. Kxc6 Ke4 59. Kd6 Kxd4
60. Kxe6 f4 61. Kf6 f3 62. Kxg6 f2 63. Kxh5 f1=Q 64. Kg5 Qf7 65. h5 Qh7 66. h6
Ke5 67. Kh5 Kf5 {White resigns} 0-1

[Event "Team 45 45 League T34"]
[Site "Internet Chess Club"]
[Date "2007.08.03"]
[Round "3"]
[White "Electryon"]
[Black "wango"]
[Result "1/2-1/2"]
[WhiteElo "1622"]
[BlackElo "1613"]
[Opening "Queen's pawn, Mason variation"]
[ECO "D00"]
[Time "20:01:38"]
[TimeControl "2700+45"]

1. d4 d5 2. Bf4 Nf6 3. e3 c5 4. c3 Qb6 5. Qb3 c4 6. Qxb6 axb6 7. Nd2 e6 8. Ngf3
Be7 9. Be2 O-O 10. O-O Nh5 11. Bg5 Nc6 12. Bxe7 Nxe7 13. Ne5 Nf6 14. b3 b5 15.
bxc4 bxc4 16. Rfb1 Nc6 17. Ndf3 Ne4 18. Rc1 Ra3 19. Nxc6 bxc6 20. Ne5 Nxc3 21.
Rc2 Bb7 22. Kf1 Ba6 23. Nxc6 Nxe2 24. Kxe2 c3+ 25. Ke1 Bd3 26. Rcc1 Rfa8 27. Ne5
Bb5 28. Rcb1 Be8 29. Rc1 f6 30. Nd3 Bg6 31. Nc5 c2 32. Nb3 Rxa2 33. Rxa2 Rxa2
34. Na1 Rb2 35. Kd2 Rb1 36. Nxc2 Rb2 37. Kc3 Rxc2+ 38. Rxc2 Bxc2 39. Kxc2 Kf7
40. Kd3 f5 41. f3 Kf6 42. e4 f4 43. exd5 exd5 44. g4 fxg3 45. hxg3 h5 46. Ke3 g5
47. Kf2 Kf5 48. Kg2 h4 49. Kh3 hxg3 50. Kxg3 Kf6 {Game drawn by mutual
agreement} 1/2-1/2

[Event "Team 45 45 League T34"]
[Site "Internet Chess Club"]
[Date "2007.08.06"]
[Round "3"]
[White "morgado"]
[Black "chessateer"]
[Result "0-1"]
[WhiteElo "1941"]
[BlackElo "1836"]
[Opening "Queen's pawn: stonewall attack"]
[ECO "D00"]
[Time "12:05:19"]
[TimeControl "2700+45"]

1. d4 d5 2. e3 Nf6 3. Bd3 c5 4. c3 Nc6 5. f4 Bg4 6. Nf3 e6 7. O-O Bd6 8. Qe1 Bf5
9. Be2 O-O 10. Ne5 h6 11. Nd2 Ne4 12. Bf3 f6 13. Nxc6 bxc6 14. g4 Nxd2 15. Bxd2
Be4 16. Bxe4 dxe4 17. Qe2 Qe7 18. Qc4 Kh8 19. dxc5 Bxc5 20. Qxe4 f5 21. gxf5
exf5 22. Qf3 Rad8 23. Rad1 Rxd2 24. Rxd2 Bxe3+ 25. Rdf2 Bxf2+ 26. Rxf2 Rf6 27.
Re2 Rg6+ 28. Kf1 Qc5 29. Qe3 Qd5 30. Ke1 Qh1+ 31. Kd2 Rd6+ {White resigns} 0-1

[Event "Team 45 45 League T34"]
[Site "Internet Chess Club"]
[Date "2007.08.07"]
[Round "3"]
[White "siddhu"]
[Black "tourettes"]
[Result "1-0"]
[WhiteElo "1803"]
[BlackElo "1750"]
[Opening "French: exchange variation"]
[ECO "C01"]
[Time "14:00:25"]
[TimeControl "2700+45"]

1. e4 e6 2. d4 d5 3. exd5 exd5 4. Nf3 Nf6 5. Bd3 Be7 6. O-O O-O 7. Bf4 Nbd7 8.
c3 Re8 9. Re1 c5 10. b3 Nf8 11. Nbd2 Ng6 12. Bxg6 hxg6 13. dxc5 Bxc5 14. Rxe8+
Qxe8 15. Qe1 Bf5 16. Qxe8+ Rxe8 17. Re1 Rxe1+ 18. Nxe1 Ne4 19. Nxe4 Bxe4 20. Be3
b6 21. Kf1 Ba3 22. Ke2 Bb1 23. Kd2 Be4 24. f3 Bf5 25. g4 Bd7 26. b4 a5 27. Nd3
axb4 28. cxb4 Bb5 29. Bxb6 Bc4 30. Bc5 Bxa2 31. b5 Bxc5 32. Nxc5 d4 33. b6 Bd5
34. b7 Bxb7 35. Nxb7 Kf8 36. Kd3 Ke7 37. Kxd4 f6 38. Kd5 g5 39. Nc5 g6 40. Ne4
Kf7 41. Kd6 {Black resigns} 1-0

[Event "Team 45 45 League T34"]
[Site "Internet Chess Club"]
[Date "2007.08.05"]
[Round "3"]
[White "allanchs"]
[Black "michaelus"]
[Result "0-1"]
[WhiteElo "1556"]
[BlackElo "1800"]
[Opening "Giuoco Piano"]
[ECO "C50"]
[Time "11:03:02"]
[TimeControl "2700+45"]

1. e4 e5 2. Nf3 Nc6 3. Bc4 Bc5 4. O-O Nf6 5. d3 d6 6. Nc3 h6 7. Be3 Bb6 8. a4
Qe7 9. Re1 Bg4 10. h3 Bh5 11. Nd5 Nxd5 12. Bxd5 O-O 13. c3 Kh8 14. b4 f5 15.
exf5 Rf6 16. g4 Bf7 17. Qb3 Rf8 18. Bxf7 R6xf7 19. a5 Bxe3 20. Rxe3 g6 21. Nd4
Nxd4 22. cxd4 gxf5 23. dxe5 fxg4 24. exd6 Qxd6 25. Re6 Qd4 26. Rf1 Rxf2 {White
resigns} 0-1

[Event "Team 45 45 League T34"]
[Site "Internet Chess Club"]
[Date "2007.08.05"]
[Round "3"]
[White "AntonioMendonca"]
[Black "crankn8tr"]
[Result "1-0"]
[WhiteElo "1624"]
[BlackElo "1671"]
[Opening "Benoni defense, Hromodka system"]
[ECO "A56"]
[Time "17:33:47"]
[TimeControl "2700+45"]

1. d4 Nf6 2. c4 c5 3. d5 d6 4. Nc3 g6 5. e4 Bg7 6. Bd3 O-O 7. Nge2 Nbd7 8. a3
Ne5 9. Bc2 Nxc4 10. f4 Ng4 11. Qd3 Nb6 12. Rb1 e5 13. h3 Nh6 14. g4 f5 15. g5
fxe4 16. Nxe4 Bf5 17. gxh6 Bxh6 18. fxe5 c4 19. Qg3 Bxe4 20. Bxe4 Bg7 21. e6
Nxd5 22. Bxd5 Qa5+ 23. Nc3 Bxc3+ 24. bxc3 Qxd5 25. Rf1 Qxe6+ 26. Qe3 Rxf1+ 27.
Kxf1 Qf5+ 28. Kg2 Qd5+ 29. Kh2 Rf8 30. Kg3 b6 31. a4 Kg7 32. Rb5 Qf7 33. Ba3 Re8
34. Qd4+ Qf6 35. Qxf6+ Kxf6 36. Kf4 g5+ 37. Rxg5 Re4+ 38. Kxe4 Kxg5 39. Kf3 d5
40. Bc1+ Kf5 41. Be3 Ke6 42. Kf4 Kd6 43. Kf5 Kc6 44. Ke5 a6 45. h4 b5 46. a5 b4
47. cxb4 c3 48. Kd4 c2 49. Bd2 Kb5 50. Kc3 c1=Q+ 51. Bxc1 d4+ 52. Kb3 Kc6 53.
Kc4 {Black resigns} 1-0

[Event "Team 45 45 League T34"]
[Site "Internet Chess Club"]
[Date "2007.08.05"]
[Round "3"]
[White "MaunaKeaMike"]
[Black "markgravitygood"]
[Result "1-0"]
[WhiteElo "1829"]
[BlackElo "1803"]
[Opening "Réti: King's Indian attack (Barcza system)"]
[ECO "A07"]
[Time "11:29:05"]
[TimeControl "2700+45"]

1. Nf3 d5 2. g3 c6 3. Bg2 Nf6 4. d3 Bf5 5. Nbd2 Nbd7 6. O-O e5 7. Nh4 Be6 8. e4
dxe4 9. dxe4 Qc7 10. Qe2 Bc5 11. h3 O-O-O 12. c3 g5 13. Nf5 Bxf5 14. exf5 e4 15.
b4 Bb6 16. Nc4 Nd5 17. Nxb6+ N7xb6 18. Bxg5 Rde8 19. Rac1 Qe5 20. c4 Nxb4 21.
Bf4 Qxf5 22. Rce1 Qe6 23. Qxe4 Qxe4 24. Bxe4 Nxc4 25. Bf5+ Kd8 26. Rd1+ Nd5 27.
Bd3 Ne5 28. Be4 Kc8 29. Bxd5 cxd5 30. Rxd5 Nc6 31. Rc1 Re2 32. a4 Re7 33. a5 a6
34. Rd6 Re6 35. Rd5 f6 36. Kg2 Rd8 37. Rh5 Rd7 38. Kf3 Kd8 39. Be3 Ne5+ 40. Kg2
Rc6 41. Bb6+ Ke8 42. Re1 Kf8 43. Re4 Ng6 44. Rf5 Kf7 45. h4 Re6 46. Rc4 Re5 47.
Rf3 Red5 48. Rfc3 Ne5 49. Rc7 Rxc7 50. Rxc7+ Rd7 51. Rxd7+ Nxd7 52. Bd4 Ke6 53.
Kf3 Ne5+ 54. Bxe5 Kxe5 55. g4 Kd6 56. Ke4 Ke6 57. f4 h6 58. f5+ Kd6 59. Kf4 Kd5
60. g5 fxg5+ 61. hxg5 hxg5+ 62. Kxg5 b5 63. axb6 Kc6 64. f6 a5 65. f7 a4 66.
f8=Q {Black resigns} 1-0

[Event "Team 45 45 League T34"]
[Site "Internet Chess Club"]
[Date "2007.08.05"]
[Round "3"]
[White "Budzo"]
[Black "Mater"]
[Result "1/2-1/2"]
[WhiteElo "1784"]
[BlackElo "1775"]
[Opening "Réti opening"]
[ECO "A30"]
[Time "11:01:50"]
[TimeControl "2700+45"]

1. Nf3 c5 2. c4 e6 3. d4 cxd4 4. Nxd4 Nc6 5. Nxc6 bxc6 6. e4 d6 7. Nc3 Nf6 8.
Bd3 Be7 9. O-O O-O 10. Re1 Qc7 11. e5 Nd7 12. Bxh7+ Kxh7 13. Qh5+ Kg8 14. Re3
Nxe5 15. Rh3 f5 16. Qh7+ Kf7 17. Qh5+ Kg8 18. Qh7+ Kf7 19. Qh5+ g6 20. Qh7+ Ke8
21. Bh6 Rf7 22. Qh8+ Kd7 23. Bg7 Bb7 24. Qh6 Ng4 25. Qxg6 Qb6 26. Rf1 Rxg7 27.
Qxg7 Qxb2 28. Rh7 Re8 29. h3 Ne5 30. Rb1 Qxc3 31. Rxb7+ Kd8 32. Rxe7 Qc1+ 33.
Kh2 Qf4+ 34. Kg1 Qc1+ 35. Kh2 Qf4+ {Game drawn by mutual agreement} 1/2-1/2

[Event "Team 45 45 League T34"]
[Site "Internet Chess Club"]
[Date "2007.08.05"]
[Round "3"]
[White "GrandPoobah069"]
[Black "diegoami"]
[Result "0-1"]
[WhiteElo "1657"]
[BlackElo "1786"]
[Opening "Sicilian: Alapin's variation (2.c3)"]
[ECO "B22"]
[Time "16:01:14"]
[TimeControl "2700+45"]

1. e4 c5 2. c3 Nf6 3. e5 Nd5 4. d4 cxd4 5. Nf3 Nc6 6. cxd4 e6 7. Bc4 Nb6 8. Bb3
Be7 9. O-O O-O 10. Nc3 d6 11. exd6 Bxd6 12. Bc2 Be7 13. Re1 Nb4 14. Bb1 Bd7 15.
a3 N4d5 16. Bd2 Rc8 17. Bd3 Nxc3 18. bxc3 Nc4 19. Bc1 Qa5 20. Bxc4 Rxc4 21. Ne5
Ba4 22. Nxc4 Qxc3 23. Bb2 Qxc4 24. Qf3 Bc6 25. Qg4 Bf6 26. Red1 Rd8 27. Rd2 e5
28. d5 Qxg4 {White resigns} 0-1

[Event "Team 45 45 League T34"]
[Site "Internet Chess Club"]
[Date "2007.08.04"]
[Round "3"]
[White "Klampin"]
[Black "Moondog"]
[Result "1/2-1/2"]
[WhiteElo "2027"]
[BlackElo "1893"]
[Opening "King's Indian: Torre attack"]
[ECO "A48"]
[Time "12:00:49"]
[TimeControl "2700+45"]

1. d4 Nf6 2. Nf3 g6 3. Bg5 Bg7 4. Nbd2 d6 5. e4 Nbd7 6. Bd3 e5 7. c3 O-O 8. O-O
c6 9. Re1 Qc7 10. Rc1 Re8 11. h3 Nf8 12. Bc4 b5 13. Bb3 Ne6 14. Be3 c5 15. a3
Bb7 16. Bxe6 Rxe6 17. Ng5 Ree8 18. d5 h6 19. Ngf3 c4 20. Nh2 Kh7 21. Ng4 Nd7 22.
Qf3 Rf8 23. g3 f5 24. exf5 gxf5 25. Nh2 e4 26. Qh5 Ne5 27. Ra1 Qf7 28. Qxf7 Rxf7
29. a4 a6 30. axb5 axb5 31. Rxa8 Bxa8 32. Ra1 Bxd5 33. Ra5 Rb7 34. Ra6 Nd3 35.
Rxd6 Bf7 36. Nhf1 Nxb2 37. f3 Nd1 38. fxe4 fxe4 39. Nxe4 Nxe3 40. Nxe3 Re7 41.
Nf6+ Bxf6 42. Rxf6 Rxe3 43. Rxf7+ Kg6 44. Rb7 Rxg3+ 45. Kh2 Rxc3 46. Rxb5 Rc2+
47. Kg3 c3 48. Rb6+ Kg7 49. Rc6 Rc1 50. Kg4 c2 51. Kh5 {Game drawn by mutual
agreement} 1/2-1/2

[Event "Team 45 45 League T34"]
[Site "Internet Chess Club"]
[Date "2007.08.06"]
[Round "3"]
[White "ears"]
[Black "rayonline53"]
[Result "0-1"]
[WhiteElo "1656"]
[BlackElo "1638"]
[Opening "Van't Kruijs opening"]
[ECO "A00"]
[Time "12:08:36"]
[TimeControl "2700+45"]

1. e3 e5 2. d4 exd4 3. exd4 Nf6 4. Nf3 Be7 5. Bd3 O-O 6. O-O b6 7. Re1 Bb7 8.
Nbd2 d5 9. Nf1 Nbd7 10. Ng3 Re8 11. Be3 Ne4 12. c3 Nxg3 13. hxg3 h6 14. Qd2 Bf8
15. g4 g5 16. g3 Bg7 17. Kg2 Nf6 18. Nxg5 Nxg4 19. Nxf7 Nxe3+ 20. Rxe3 Kxf7 21.
Rf3+ Kg8 22. Rh1 Qd6 23. Qc2 Rf8 24. Re3 Rae8 25. Rhe1 Rxe3 26. Rxe3 Bc8 27. Qe2
Qf6 28. Re5 c6 29. Re3 Bf5 30. Bxf5 Qxf5 31. Re6 c5 32. Qe3 cxd4 33. cxd4 Bxd4
34. Qxh6 Qxf2+ 35. Kh3 Qf1+ 36. Kh4 Qh1+ 37. Kg4 Qxh6 38. Rxh6 Bxb2 39. Rd6 d4
40. Kg5 Rf7 41. g4 Rg7+ 42. Kf5 Kh7 43. g5 Bc3 44. Rh6+ Kg8 45. Rd6 Rf7+ 46. Kg6
Rg7+ 47. Kf5 Kf8 48. Rd5 Ke7 49. Re5+ Kd6 50. Re6+ Kd5 51. Re5+ Kc4 52. Re4 Kd3
53. Re8 Kc2 54. Rc8 d3 55. g6 d2 {White resigns} 0-1

[Event "Team 45 45 League T34"]
[Site "Internet Chess Club"]
[Date "2007.08.06"]
[Round "3"]
[White "vrahimov"]
[Black "Glassywoman"]
[Result "1-0"]
[WhiteElo "1544"]
[BlackElo "1324"]
[Opening "Philidor's defense"]
[ECO "C41"]
[Time "16:56:00"]
[TimeControl "2700+45"]

1. e4 e5 2. Nf3 d6 3. d4 Bg4 4. dxe5 Bxf3 5. Qxf3 dxe5 6. Bc4 Nf6 7. Qb3 Qc8 8.
Bxf7+ Ke7 9. Bg5 Nc6 10. Bh5 g6 11. Be2 Nd4 12. Qd3 Nxe2 13. Qxe2 Bg7 14. Nc3 c6
15. O-O-O Kf8 16. Qf3 Qg4 17. Bxf6 Qxf3 18. Bxg7+ Kxg7 19. gxf3 Rhf8 20. Rd7+
Kg8 21. Rxb7 Rxf3 22. Rd1 Rxf2 23. Rdd7 Rxh2 24. Rg7+ Kh8 25. Rge7 Rf8 26. Rxa7
Rh1+ 27. Nd1 Rd8 28. Red7 Rf8 29. a4 c5 30. a5 Rc8 31. a6 g5 32. Rab7 g4 33. a7
{Black resigns} 1-0

[Event "Team 45 45 League T34"]
[Site "Internet Chess Club"]
[Date "2007.08.03"]
[Round "3"]
[White "hotzoddy"]
[Black "SeniorCitizen"]
[Result "1-0"]
[WhiteElo "1342"]
[BlackElo "1271"]
[Opening "French defense"]
[ECO "C00"]
[Time "08:02:00"]
[TimeControl "2700+45"]

1. e4 e6 2. Nc3 Bb4 3. Nge2 Nf6 4. d3 d5 5. Bd2 O-O 6. a3 Be7 7. Ng3 dxe4 8.
dxe4 e5 9. Be2 Nc6 10. O-O Nd4 11. Rb1 Nxe2+ 12. Ncxe2 Bg4 13. f3 Be6 14. b4 b5
15. c3 c6 16. Be3 a5 17. Qxd8 Rfxd8 18. Bb6 Rdb8 19. Bxa5 Bd8 20. Bxd8 Rxd8 21.
Ra1 Bc4 22. Rfe1 g6 23. h3 Kg7 24. f4 Bxe2 25. fxe5 Nxe4 26. Nxe4 Bc4 27. Nd6
Bd5 28. Nb7 Re8 29. Nc5 f5 30. exf6+ Kxf6 31. Rxe8 Rxe8 32. Rf1+ Kg7 33. a4 bxa4
34. Nxa4 Re2 35. Rf2 Rxf2 36. Kxf2 Kf6 37. g3 Ke5 38. Ke3 h6 39. Nb6 Bg2 40. h4
g5 41. Nd7+ Kf5 42. c4 gxh4 43. gxh4 Kg4 44. b5 cxb5 45. cxb5 Kxh4 46. b6 Kg3
47. Nf6 Bb7 48. Ne4+ Kg4 49. Nf6+ Kg3 50. Nh5+ Kg4 51. Nf6+ Kg3 52. Ne4+ Kg4 53.
Nf2+ Kg5 54. Nh3+ Kg4 55. Nf2+ Kg3 56. Ne4+ Kg4 57. Nd6 Bh1 58. Ne4 {Black
resigns} 1-0

[Event "Team 45 45 League T34"]
[Site "Internet Chess Club"]
[Date "2007.08.05"]
[Round "3"]
[White "RisingMercury"]
[Black "azbycx"]
[Result "1-0"]
[WhiteElo "2010"]
[BlackElo "1878"]
[Opening "Sicilian: closed, 2...Nc6"]
[ECO "B23"]
[Time "12:15:50"]
[TimeControl "2700+45"]

1. e4 c5 2. Nc3 Nc6 3. Bb5 Nd4 4. Bc4 e6 5. Nf3 a6 6. a4 Qc7 7. O-O b6 8. d3 Bb7
9. Nxd4 cxd4 10. Ne2 Bc5 11. Bd2 Ne7 12. b4 Bd6 13. f4 Bxe4 14. Nxd4 Bd5 15.
Bxd5 Nxd5 16. Qf3 O-O 17. c3 f5 18. Kh1 Rac8 19. Rab1 Rf6 20. c4 Ne7 21. a5 Ng6
22. axb6 Qxb6 23. c5 Qa7 24. Ra1 Be7 25. Nb3 Qa8 26. Qxa8 Rxa8 27. b5 e5 28. Bc3
Re6 29. fxe5 Nxe5 30. d4 Nc4 31. Rxf5 Re3 32. Rf3 Re2 33. h3 Bg5 34. d5 g6 35.
Nd4 Ree8 36. Rxa6 Rxa6 37. bxa6 Ra8 38. c6 dxc6 39. dxc6 Rxa6 40. Ne6 Be7 41. c7
Rc6 42. Bf6 Bd6 43. Bd8 Nd2 44. Kg1 Nxf3+ 45. gxf3 Bxc7 46. Nxc7 Rd6 47. Bg5 Rc6
48. Bf4 Rf6 49. Nd5 Rf8 50. Kg2 Kf7 51. Kg3 Ke6 52. Ne3 Ra8 53. Bh6 Ra4 54. h4
Rb4 55. Ng2 Kf5 56. Nf4 Rd4 57. Ng2 Ra4 58. Ne3+ Ke6 59. f4 Ra3 60. Kf3 Rb3 61.
Bg7 Rb1 62. Bh6 Rh1 63. Bg5 h6 64. Bxh6 Rxh4 65. Bg5 Rh3+ 66. Ke4 Rh2 67. Nc4
Re2+ 68. Ne3 Re1 69. Kf3 Rc1 70. Ng2 Rf1+ 71. Ke2 Ra1 72. Nh4 Kf7 73. Kf3 Ra4
74. Kg4 Rc4 75. Nf3 Ra4 76. Bd8 Ra2 77. Nh4 Ra1 78. Bb6 Ra3 79. Bd4 Rd3 80. Nf3
Rd1 81. Kg5 Rf1 82. Ne5+ Ke6 83. Nxg6 Rg1+ 84. Bxg1 {Black resigns} 1-0

[Event "Team 45 45 League T34"]
[Site "Internet Chess Club"]
[Date "2007.08.04"]
[Round "3"]
[White "Razorbackchess"]
[Black "alexcolins"]
[Result "1-0"]
[WhiteElo "1886"]
[BlackElo "1853"]
[Opening "English: ultra-symmetrical variation"]
[ECO "A36"]
[Time "10:05:10"]
[TimeControl "2700+45"]

1. c4 c5 2. g3 g6 3. Bg2 Bg7 4. Nc3 Nc6 5. a3 d6 6. Rb1 a5 7. d3 e5 8. Nf3 Nge7
9. O-O O-O 10. Bg5 h6 11. Bxe7 Nxe7 12. Ne1 Rb8 13. Nc2 Bd7 14. b4 b5 15. bxc5
dxc5 16. Nxb5 Bc6 17. Bxc6 Nxc6 18. Ne3 Nd4 19. Nxd4 exd4 20. Nd5 Re8 21. e3
Rxb1 22. Qxb1 dxe3 23. fxe3 h5 24. Qb7 f5 25. Qc6 Kh7 26. Nf4 Rxe3 27. Qxg6+ Kh8
28. Nxh5 Qd4 29. Qxg7+ Qxg7 30. Nxg7 Kxg7 31. Rxf5 Rxd3 32. Rxc5 Rxa3 33. Kg2
Ra1 34. Rc8 a4 35. Ra8 a3 36. Kh3 a2 37. c5 Kf7 38. c6 Rc1 39. Rxa2 Rxc6 40.
Rf2+ Kg7 41. g4 Rc3+ 42. Kh4 Kg6 43. Rf5 Rc4 44. Kg3 Rc3+ 45. Rf3 Rc4 46. h4 Rd4
47. h5+ Kg5 48. Rf5+ Kh6 49. Rf6+ Kg5 50. Rg6# {Black checkmated} 1-0

[Event "Team 45 45 League T34"]
[Site "Internet Chess Club"]
[Date "2007.08.03"]
[Round "3"]
[White "deathmage"]
[Black "qs16"]
[Result "1/2-1/2"]
[WhiteElo "1686"]
[BlackElo "1766"]
[Opening "Sicilian: Najdorf, Zagreb (fianchetto) variation"]
[ECO "B91"]
[Time "16:02:46"]
[TimeControl "2700+45"]

1. e4 c5 2. Nf3 d6 3. d4 cxd4 4. Nxd4 Nf6 5. Nc3 a6 6. g3 e5 7. Nde2 Nbd7 8. Bg2
b5 9. O-O Be7 10. h3 Bb7 11. Be3 b4 12. Nd5 Nxd5 13. exd5 O-O 14. c4 bxc3 15.
Nxc3 Rc8 16. Qb3 Rb8 17. Ba7 Bxd5 18. Qxd5 Rxb2 19. Rfb1 Nf6 20. Qd3 Rxb1+ 21.
Rxb1 Qa5 22. Rb8 Rxb8 23. Bxb8 Qb6 24. Bxd6 Bxd6 25. Nd5 Nxd5 26. Bxd5 a5 27.
Qb3 Qxb3 28. Bxb3 g5 29. g4 Kg7 30. Kg2 Bc5 31. f3 h6 32. a4 Kg6 33. Bc4 Kf6 34.
Kf1 Kg6 35. Kg2 f6 36. Bd5 h5 37. Be4+ Kh6 38. Bd5 h4 39. Be4 Kg7 40. Bd5 Kf8
41. Be4 Ke7 42. Bd5 Kd6 43. Be4 Bb4 44. Bd3 Kd5 45. Bc2 Kd4 46. Bb3 e4 47. fxe4
Kxe4 48. Bc2+ Kf4 49. Bf5 Ke3 50. Be6 Kd4 51. Bf5 Kc3 52. Be6 Kb2 53. Bf5 Bc3
54. Be6 Ka3 55. Bd7 Kb4 56. Be8 Be5 57. Bd7 Bg3 58. Be8 Kc5 59. Bd7 Kd6 60. Be8
Ke7 61. Bc6 Ke6 62. Bb7 Ke5 63. Bc6 f5 64. gxf5 Kxf5 65. Bd7+ Kf4 66. Bc8 Ke3
67. Bd7 Kd3 68. Bc8 Kc3 69. Bd7 Bf4 70. Bc6 Kb4 71. Bd7 Bc7 {Game drawn by
mutual agreement} 1/2-1/2

[Event "Team 45 45 League T34"]
[Site "Internet Chess Club"]
[Date "2007.08.05"]
[Round "3"]
[White "RedAttack"]
[Black "SpikeyJ"]
[Result "1-0"]
[WhiteElo "1905"]
[BlackElo "2172"]
[Opening "Grünfeld: 5.e3"]
[ECO "D94"]
[Time "13:03:48"]
[TimeControl "2700+45"]

1. Nf3 g6 2. c4 Nf6 3. d4 Bg7 4. Nc3 d5 5. e3 O-O 6. Be2 c5 7. O-O cxd4 8. Nxd4
dxc4 9. Bxc4 Qc7 10. Be2 Rd8 11. Ndb5 Qb6 12. Qc2 Bd7 13. Na4 Qc6 14. Qb3 a6 15.
Nbc3 Be6 16. Qb6 Rd6 17. Qc5 Nbd7 18. Qxc6 Rxc6 19. Bf3 Rc7 20. e4 Bc4 21. Rd1
Ne5 22. Nb6 Re8 23. Nxc4 Nxf3+ 24. gxf3 Rxc4 25. Be3 e6 26. Rd3 b5 27. Rad1 Rec8
28. Rd6 Ne8 29. Rxa6 Bxc3 30. bxc3 Rxc3 31. Rd7 R3c7 32. Rxc7 Rxc7 33. Rb6 Rc3
34. Rxb5 Rc8 35. a4 Nd6 36. Rc5 Ra8 37. Bf4 Nb7 38. Rb5 Na5 39. Rb8+ Rxb8 40.
Bxb8 Kf8 41. Bc7 Nc6 42. Kf1 Ke8 43. Ke2 Kd7 44. Bb6 Ne5 45. Bd4 Nc6 46. Kd3 Kc7
47. Kc4 Kb7 48. Kc5 Na5 49. Bc3 Nb3+ 50. Kd6 Nc1 51. Ke7 Nd3 52. Kxf7 Nxf2 53.
Kxe6 Nh3 54. Kf6 g5 55. e5 Nf2 56. e6 {Black resigns} 1-0

[Event "Team 45 45 League T34"]
[Site "Internet Chess Club"]
[Date "2007.08.02"]
[Round "3"]
[White "ddlj81"]
[Black "Juan73"]
[Result "1-0"]
[WhiteElo "1987"]
[BlackElo "1595"]
[Opening "Ruy Lopez: Bird's defense"]
[ECO "C61"]
[Time "21:51:51"]
[TimeControl "2700+45"]

1. e4 e5 2. Nf3 Nc6 3. Bb5 Nd4 4. Nxd4 exd4 5. O-O Bc5 6. c3 c6 7. Be2 d5 8.
cxd4 Bxd4 9. exd5 Qxd5 10. Bf3 Qd6 11. Nc3 Nf6 12. Re1+ Be6 13. Ne2 Be5 14. g3
h5 15. d4 O-O-O 16. Be3 Qe7 17. Qa4 Bb8 18. Bg5 Bd5 19. Bxd5 Rxd5 20. Nc3 Qd6
21. Bxf6 gxf6 22. Nxd5 Qxd5 23. Qb3 Qd7 24. Re4 h4 25. Rae1 hxg3 26. hxg3 Bd6
27. d5 c5 28. Qe3 Kd8 29. b4 b6 30. bxc5 Bxc5 31. Qf4 f5 32. Qb8+ Qc8 33. Re8+
Rxe8 34. Rxe8+ Kxe8 35. Qxc8+ {Black resigns} 1-0